Map: Port Aleksander LE

Players

Piroxiljin

  • Race: Terran Terran
  • Spawn Location: 11:00

VOD

Have the link to the VOD?

Description

Time

  • Played on: Jan. 27, 2019, 3:08 a.m.
  • Length: 15:22
Show
View Real Time Build Order
Export as new Build Order

Piroxiljin Terran 

Build Orders:  

Get SALT Encoding   

  12  0:02  SCV  
  13  0:21  SCV  
  13  0:29  Supply Depot  
  14  0:38  SCV  
  15  0:59  SCV  
  16  1:06  Barracks  
  16  1:18  Refinery  
  16  1:24  SCV  
  17  1:41  SCV  
  18  1:52  Supply Depot  
  18  2:12  Orbital Command  
  18  2:24  Marine  
  19  3:12  SCV  
  20  3:35  Factory  
  20  4:11  Barracks Reactor  
  20  4:16  SCV  
  21  4:27  Refinery  
  21  4:33  SCV  
  22  4:40  Hellion  
  24  5:20  Supply Depot  
  24  5:27  Hellion x2  
  28  5:31  SCV  
  28  5:33  Barracks Tech Lab  
  29  5:40  Supply Depot  
  29  5:45  Supply Depot x2  
  29  5:48  SCV  
  30  5:55  Command Center  
  30  6:05  SCV  
  31  6:10  Factory, Marauder  
  31  6:12  Concussive Shells  
  33  6:34  Hellion x2  
  37  6:40  Marauder  
  37  7:10  Marine  
  36  7:28  Widow Mine x2  
  40  8:02  Barracks Tech Lab  
  40  8:33  SCV  
  41  8:45  SCV  
  42  8:50  SCV  
  42  8:54  Siege Tank  
  46  9:01  Marauder  
  46  9:02  SCV  
  46  9:06  Factory  
  46  9:07  SCV  
  50  9:23  SCV  
  50  9:28  SCV  
  52  9:31  Marauder  
  52  9:39  Siege Tank  
  57  9:40  SCV  
  57  9:45  SCV  
  59  9:51  Refinery  
  59  9:54  Refinery  
  59  9:57  SCV  
  60  10:50  Starport  
  60  10:53  Cyclone  
  63  11:01  Barracks Tech Lab  
  63  11:09  SCV  
  64  11:26  SCV  
  65  11:37  Marauder  
  65  11:38  Siege Tank  
  70  11:43  SCV  
  70  11:46  Unknown  
  71  11:50  Supply Depot  
  71  11:58  Supply Depot  
  71  12:03  Armory  
  71  12:06  Armory  
  73  12:10  Engineering Bay  
  73  12:12  Engineering Bay  
  71  12:22  Supply Depot  
  71  12:45  Siege Tank x2  
  71  12:48  Hellion x2  
  81  13:21  Missile Turret  
  81  13:26  Barracks Tech Lab  
  81  13:30  Cyclone x2  
  81  13:36  Missile Turret  
  67  13:50  Missile Turret  
  53  14:04  Viking  
  53  14:05  Missile Turret  
  50  14:15  Thor  
  52  14:37  Missile Turret  
  32  15:12  Missile Turret  
Tags
 
Add a new tag
Caveats
  • Supply blocks, unpowered buildings, or Contaminate may cause inaccurate times.
  • Supply counts are checked every 10 seconds.